 Dungeon Crawl Stone Soup version 0.27.1-2-g3b301248ec (webtiles) character file.

Game seed: 10269223407334007445

221 oldmanjim the Fighter (level 5, -2/51 HPs)
             Began as a Gnoll Wanderer on Sept 25, 2021.
             Was an Initiate of Elyvilon.
             Succumbed to a scorpion's poison
             ... on level 3 of the Dungeon.
             The game lasted 00:20:47 (3803 turns).

oldmanjim the Fighter (Gnoll Wanderer)              Turns: 3803, Time: 00:20:48

Health: -2/51      AC:  2    Str: 10    XL:     5   Next: 98%
Magic:  7/7        EV: 12    Int: 12    God:    Elyvilon [......]
Gold:   153        SH:  0    Dex: 13    Spells: 6/7 levels left

rFire    . . .     SeeInvis .   a - +2 dagger (speed)
rCold    . . .     Faith    .   (no shield)
rNeg     . . .     Spirit   .   d - +0 robe
rPois    .         Reflect  .   (no helmet)
rElec    .         Harm     .   (no cloak)
rCorr    .         Rampage  .   (no gloves)
Will     +....                  (no boots)
Stlth    ++........             (no amulet)
HPRegen  0.17/turn              o - ring of willpower
MPRegen  0.10/turn              (no ring)

@: lethally poisoned (-2 -> -19)
A: fangs 1, strong nose, distributed training
a: Renounce Religion


You were on level 3 of the Dungeon.
You worshipped Elyvilon.
Elyvilon was noncommittal.
You visited 1 branch of the dungeon, and saw 4 of its levels.

You collected 153 gold pieces.

Inventory:

Hand Weapons
 a - a +2 dagger of speed (weapon)
 b - a +0 hunting sling
Missiles
 f - 2 throwing nets
 g - 91 stones
 q - 21 sling bullets
 t - 37 arrows
 u - 20 bolts
Armour
 d - a +0 robe (worn)
Magical Staves
 p - a staff of air
Jewellery
 o - a ring of willpower (left hand)
 s - a ring of ice
Scrolls
 c - 3 scrolls of teleportation
 k - 3 scrolls of identify {unknown}
 r - a scroll of fear
 v - a scroll of vulnerability {unknown}
Potions
 e - a potion of berserk rage {unknown}
 h - 2 potions of resistance {unknown}
 i - 2 potions of curing {unknown}
 j - a potion of mutation {unknown}
 l - a potion of magic {unknown}
 m - a potion of degeneration {unknown}
 n - 2 potions of might


   Skills:
 + Level 8.7 Fighting
 + Level 1.7 Short Blades
 + Level 1.7 Long Blades
 + Level 1.7 Axes
 + Level 1.7 Maces & Flails
 + Level 1.7 Polearms
 + Level 1.7 Staves
 + Level 1.7 Slings
 + Level 1.7 Bows
 + Level 1.7 Crossbows
 + Level 3.1 Throwing
 + Level 1.7 Armour
 + Level 1.7 Dodging
 + Level 2.9 Stealth
 + Level 3.1 Shields
 + Level 1.7 Unarmed Combat
 + Level 1.7 Spellcasting
 + Level 1.3 Conjurations
 + Level 1.3 Hexes
 + Level 1.3 Summonings
 + Level 1.3 Necromancy
 + Level 1.3 Translocations
 + Level 1.3 Transmutations
 + Level 5.6 Fire Magic
 + Level 1.3 Ice Magic
 + Level 1.3 Air Magic
 + Level 1.3 Earth Magic
 + Level 1.3 Poison Magic
 + Level 1.9 Invocations
 + Level 1.7 Evocations


You had 6 spell levels left.
You knew the following spells:

 Your Spells              Type           Power      Damage    Failure   Level
a - Foxfire               Conj/Fire      36%        2x1d5     7%          1

Your spell library contained the following spells:

 Spells                   Type           Power      Damage    Failure   Level
 Inner Flame              Hex/Fire       9%         N/A       21%         3
 Ozocubu's Armour         Ice            4%         N/A       43%         3
 Ozocubu's Refrigeration  Ice            2%         4d5       100%        7


Dungeon Overview and Level Annotations

Branches:
Dungeon (4/15)
 Temple: D:4-7

Altars:
Elyvilon
Ru

Shops:
D:2 [


Innate Abilities, Weirdness & Mutations

You have very sharp teeth.
Your uncanny sense of smell can sniff out nearby items.
Your experience applies equally to all skills.


Message History

The scorpion is heavily wounded.
The scorpion closely misses you.
You hit the scorpion but do no damage.
The scorpion is heavily wounded.
The scorpion barely misses you.
You closely miss the scorpion.
You bite the scorpion, but do no damage.
The scorpion is heavily wounded.
You hit the scorpion.
The scorpion is severely wounded.
The scorpion stings you.
You are poisoned.
The scorpion poisons you!
You closely miss the scorpion.
The scorpion is severely wounded.
You feel very sick. The scorpion barely misses you.
You barely miss the scorpion.
The scorpion is severely wounded.
You feel sick. The scorpion misses you.
You hit the scorpion but do no damage.
The scorpion is severely wounded.
You feel sick.
You closely miss the scorpion.
You bite the scorpion, but do no damage.
The scorpion is severely wounded.
You feel sick. The scorpion stings you!
* * * LOW HITPOINT WARNING * * *
You hit the scorpion.
The scorpion is severely wounded.
* * * LOW HITPOINT WARNING * * *
You feel sick. The scorpion stings you.
* * * LOW HITPOINT WARNING * * *
You are more poisoned.
The scorpion poisons you!
Unknown command.
Unknown command.
You hit the scorpion but do no damage.
The scorpion is severely wounded.
You die...

#.# #.# ###..#.....#.##..#..#..
#.# #.# #....###..#.##...##)###
#.# #.# #.##..#..#.##..#..#.†#.
#.# #.# ###...##..##...##.##.##
###.###.###[..#..'.##..#..#..#..'
..........#######################
......<.###### #.# #.##########
###.#####....####.# #...........
#............s@.# #.##########
#######.##.###### #.# #.##.# #.#
#.##.# #.# #.##.# #.#
#.##.#########.# #
#.##..†........# #
#.############## #########.#


You could see a scorpion.

Vanquished Creatures
  A black bear (D:3)
  An orc wizard (D:3)
  3 adders
  An adder skeleton (D:4)
  3 worms
  3 dart slugs
  4 endoplasms
  3 giant cockroaches
  5 goblins
  6 hobgoblins
  A quokka (D:4)
  5 ball pythons
  6 bats
  8 frilled lizards
  14 kobolds
  4 rats
68 creatures vanquished.

Vanquished Creatures (others)
  44 foxfires
  4 toadstools (D:1)
48 creatures vanquished.

Grand Total: 116 creatures vanquished

Notes
Turn   | Place    | Note
-------+----------+-------------------------------------------
     0 | D:1      | oldmanjim the Gnoll Wanderer began the quest for the Orb.
     0 | D:1      | oldmanjim set off with the following items: a +2 dagger, a
                  | scroll of fear, a scroll of teleportation, a +0 robe; and
                  | the following spell memorised: Foxfire; and the following
                  | spells available to memorise: Inner Flame
     0 | D:1      | Reached XP level 1. HP: 26/26 MP: 1/1
     5 | D:1      | Found a faded altar of an unknown god.
   173 | D:1      | Reached XP level 2. HP: 30/33 MP: 2/2
   682 | D:2      | Reached XP level 3. HP: 30/38 MP: 0/3
  1134 | D:2      | Reached skill level 1 in Invocations
  1394 | D:2      | Found Vonairya's Armour Boutique.
  1440 | D:2      | Reached skill level 1 in Short Blades
  1440 | D:2      | Reached skill level 1 in Long Blades
  1440 | D:2      | Reached skill level 1 in Axes
  1440 | D:2      | Reached skill level 1 in Maces & Flails
  1440 | D:2      | Reached skill level 1 in Polearms
  1440 | D:2      | Reached skill level 1 in Staves
  1440 | D:2      | Reached skill level 1 in Slings
  1440 | D:2      | Reached skill level 1 in Bows
  1440 | D:2      | Reached skill level 1 in Crossbows
  1440 | D:2      | Reached skill level 1 in Armour
  1440 | D:2      | Reached skill level 1 in Dodging
  1440 | D:2      | Reached skill level 1 in Unarmed Combat
  1440 | D:2      | Reached skill level 1 in Spellcasting
  1440 | D:2      | Reached skill level 1 in Evocations
  1495 | D:2      | Reached XP level 4. HP: 35/45 MP: 0/5
  2024 | D:3      | Found a white marble altar of Elyvilon.
  2165 | D:3      | Found a sacrificial altar of Ru.
  2179 | D:3      | Reached skill level 1 in Conjurations
  2179 | D:3      | Reached skill level 1 in Hexes
  2179 | D:3      | Reached skill level 1 in Summonings
  2179 | D:3      | Reached skill level 1 in Necromancy
  2179 | D:3      | Reached skill level 1 in Translocations
  2179 | D:3      | Reached skill level 1 in Transmutations
  2179 | D:3      | Reached skill level 1 in Ice Magic
  2179 | D:3      | Reached skill level 1 in Air Magic
  2179 | D:3      | Reached skill level 1 in Earth Magic
  2179 | D:3      | Reached skill level 1 in Poison Magic
  2670 | D:3      | Reached XP level 5. HP: 38/51 MP: 6/6
  3103 | D:3      | Noticed a black bear
  3119 | D:3      | Killed a black bear
  3450 | D:3      | Became a worshipper of Elyvilon the Healer
  3802 | D:3      | HP: 1/51 [scorpion (2)]
  3803 | D:3      | Succumbed to a scorpion's poison

Illustrated notes

Levels and vault maps discovered:
D:1:      ldierk_walled_garden_2, layout_rooms,
          ebering_ecumenical_altar_abandoned, minmay_ruptured
D:2:      layout_loops_ring, serial_shops, shop, minivault_26,
          minmay_crystal_room, minmay_misc_feat_doors
D:3:      minmay_razor_zed, layout_loops_ring, mainiacjoe_overflow_catwalk,
          nicolae_ru_great_annihilating_truth
D:4:      layout_basic, slow_altar_2, serial_shops, shop, minmay_parallelograms

Skill      XL: |  1  2  3  4  5 |
---------------+----------------+-----
Invocations    | 1 |  1.9
Short Blades   | 1 |  1.7
Long Blades    | 1 |  1.7
Axes           | 1 |  1.7
Maces & Flails | 1 |  1.7
Polearms       | 1 |  1.7
Staves         | 1 |  1.7
Slings         | 1 |  1.7
Bows           | 1 |  1.7
Crossbows      | 1 |  1.7
Armour         | 1 |  1.7
Dodging        | 1 |  1.7
Unarmed Combat | 1 |  1.7
Spellcasting   | 1 |  1.7
Evocations     | 1 |  1.7
Conjurations   | 1 |  1.3
Hexes          | 1 |  1.3
Summonings     | 1 |  1.3
Necromancy     | 1 |  1.3
Translocations | 1 |  1.3
Transmutations | 1 |  1.3
Ice Magic      | 1 |  1.3
Air Magic      | 1 |  1.3
Earth Magic    | 1 |  1.3
Poison Magic   | 1 |  1.3
Throwing       | 3 |  3.1
Shields        | 3 |  3.1
Fighting       | |  8.7
Stealth        | |  2.9
Fire Magic     | |  5.6

Action                   |  1- 3 |  4- 6 || total
-------------------------+-------+-------++-------
Melee: Dagger            |    77 |    94 ||   171
       Bite              |     7 |    10 ||    17
 Fire: Hunting sling     |       |    56 ||    56
 Cast: Foxfire           |    27 |     1 ||    28
  Use: Scroll            |     2 |     2 ||     4
 Stab: Sleeping          |     4 |     2 ||     6
Armor: Robe              |     3 |     9 ||    12
Dodge: Dodged            |    25 |    49 ||    74
